 Dungeon Crawl Stone Soup version 0.21-a0-140-g479285b (webtiles) character file.

506 tof the Slasher (level 7, -19/55 HPs)
             Began as a Barachi Gladiator on July 20, 2017.
             Was an Initiate of Wu Jian.
             Demolished by an ogre
             ... wielding a +0 giant club
              (22 damage)
             ... on level 5 of the Dungeon.
             The game lasted 00:10:41 (5299 turns).

tof the Slasher (Barachi Gladiator)                 Turns: 5299, Time: 00:10:42

Health: -19/55     AC:  9    Str: 17    XL:     7   Next: 18%
Magic:  7/7        EV: 12    Int:  8    God:    Wu Jian [......]
Gold:   250        SH:  0    Dex: 19    Spells: 6/6 levels left

rFire    . . .     SeeInvis .   a - +0 long sword
rCold    . . .     Gourm    .   (no shield)
rNeg     . . .     Faith    .   u - +0 scale mail
rPois    .         Spirit   .   c - +0 helmet
rElec    .         Reflect  .   (no cloak)
rCorr    .         Harm     .   (no gloves)
MR       .....                  A - +0 pair of boots
Stlth    ..........             (no amulet)
HPRegen  0.18/turn              l - +5 ring of dexterity
MPRegen  0.10/turn              (no ring)

@: drained, slow
A: +LOS, swims, slowness 1, strong legs 1
a: Hop, Renounce Religion


You were on level 5 of the Dungeon.
You worshipped Wu Jian.
Wu Jian was noncommittal.
You were not hungry.

You visited 2 branches of the dungeon, and saw 6 of its levels.

You collected 250 gold pieces.

Inventory:

Hand Weapons
 a - a +0 long sword (weapon)
 b - a +0 blowgun
Missiles
 d - 3 throwing nets (quivered)
 C - 20 poisoned needles
Armour
 c - a +0 helmet (worn)
 u - a +0 scale mail (worn)
 A - a +0 pair of boots (worn)
Jewellery
 l - a +5 ring of dexterity (left hand)
 z - an uncursed ring of protection from cold {unknown}
Wands
 g - a wand of lightning (14/15)
 w - a wand of paralysis (13/24)
 y - a wand of iceblast (7/15)
Scrolls
 e - a scroll of magic mapping {unknown}
 n - 5 scrolls of recharging
 o - 2 scrolls of remove curse {unknown}
 r - 3 scrolls of identify {unknown}
 s - 2 scrolls of amnesia {unknown}
 t - a scroll of enchant armour {unknown}
Potions
 h - 2 potions of curing
 j - 2 potions of heal wounds {unknown}
 k - a potion of resistance {unknown}
 m - a potion of lignification {unknown}
 p - a potion of ambrosia {unknown}
 v - a potion of berserk rage {unknown}
 x - a potion of flight {unknown}
Comestibles
 f - 3 bread rations
 i - 3 meat rations
 q - a royal jelly
 B - 2 chunks of flesh


   Skills:
 + Level 4.5(4.3) Fighting
 * Level 6.1(5.9) Long Blades
 + Level 3.5(3.3) Throwing
 + Level 3.1(2.9) Armour
 + Level 4.5(4.3) Dodging


You had 6 spell levels left.
You didn't know any spells.

Dungeon Overview and Level Annotations

Branches:
Dungeon (5/15)             Temple (1/1) D:4

Altars:
Ashenzari
Cheibriados
Dithmenos
Fedhas
Hepliaklqana
Makhleb
Okawaru
Qazlal
Trog
Uskayaw
Wu Jian
Xom


Innate Abilities, Weirdness & Mutations

Shadows flee at your approach. (+LOS)
You can swim through water.
You cover ground slowly.
You can hop short distances.


Message History

The ogre is moderately wounded.
The ogre barely misses you.
You hit the ogre.
The ogre is severely wounded.
The ogre barely misses you.
You riposte.
You hit the ogre.
The ogre is severely wounded.
You hit the ogre.
The ogre is almost dead.
You hit the ogre.
The ogre is almost dead.
The ogre barely misses you.
You hit the ogre but do no damage.
The ogre is almost dead.
The ogre hits you with a giant club!
* * * LOW HITPOINT WARNING * * *
You hit the ogre but do no damage.
The ogre is almost dead.
You hear a distant blaring wail to the north.
The ogre hits you with a giant club!!
You die...

.. #. ## .. .. #!
.# #.#. #... #..#
#..####.#.+
#.@.?<....#
#......O.######.#
##########


You could see an ogre.

Vanquished Creatures
  2 ogres (D:4)
  The ghost of Wingboner the Changer, an amateur DsTm (D:3)
  A crimson imp (D:4)
  Crazy Yiuf (D:4)
  Ijyb (D:3)
  An iguana (D:4)
  3 gnolls
  5 adders
  An ooze (D:2)
  3 worms (D:2)
  3 dart slugs
  2 leopard geckos
  3 bats (D:2)
  2 giant cockroaches
  6 goblins
  9 hobgoblins
  6 jackals
  5 kobolds
  A quokka (D:4)
  2 ball pythons
  3 frilled lizards
  5 rats
66 creatures vanquished.

Notes
Turn   | Place    | Note
-------+----------+-------------------------------------------
     0 | D:1      | tof the Barachi Gladiator began the quest for the Orb.
     0 | D:1      | Reached XP level 1. HP: 17/17 MP: 1/1
   234 | D:1      | Reached XP level 2. HP: 22/23 MP: 2/2
   405 | D:1      | Reached skill level 4 in Long Blades
   860 | D:2      | Reached XP level 3. HP: 16/28 MP: 3/3
  1061 | D:2      | Reached skill level 1 in Armour
  1394 | D:2      | Found a shattered altar of Ashenzari.
  1451 | D:2      | Reached XP level 4. HP: 14/34 MP: 4/4
  1879 | D:2      | Found a faded altar of an unknown god.
  2590 | D:3      | Noticed Wingboner's ghost (amateur DsTm)
  3033 | D:3      | Killed Wingboner's ghost
  3033 | D:3      | Reached skill level 5 in Long Blades
  3033 | D:3      | Reached XP level 5. HP: 24/41 MP: 5/5
  3298 | D:3      | Found a shimmering altar of Xom.
  3330 | D:3      | Noticed Ijyb
  3343 | D:3      | Killed Ijyb
  3440 | D:4      | Found a staircase to the Ecumenical Temple.
  3464 | Temple   | Entered the Ecumenical Temple
  3651 | Temple   | Became a worshipper of the Wu Jian Council
  3798 | D:4      | Found a runed door.
  3802 | D:4      | Noticed Crazy Yiuf
  3807 | D:4      | HP: 2/41 [Crazy Yiuf/quarterstaff of chaos (10)]
  3808 | D:4      | Killed Crazy Yiuf
  3808 | D:4      | Reached XP level 6. HP: 2/48 MP: 6/6
  4608 | D:4      | Reached skill level 6 in Long Blades
  4608 | D:4      | Reached XP level 7. HP: 33/54 MP: 7/7
  4959 | D:5      | Entered Level 5 of the Dungeon
  5299 | D:5      | Demolished by an ogre

Vault maps used:
D:1:      lightli_arrival_farm, minmay_misc_feat_five
D:2:      lemuel_crystal_altar, chequers_ecumenical_altar_island
D:3:      marbit_many_paths, first_bread, uniq_ijyb
D:4:      minmay_temple_entry_crystal_x, uniq_crazy_yiuf_cottage
D:5:      nemelex_xobeh_ov_fountains_minmay, lemuel_coloured_pillars_altar,
          lightli_corner_chamber
Temple:   jpeg_temple_alley_garden

Skill      XL: |  1  2  3  4  5  6  7 |
---------------+----------------------+-----
Long Blades    | 4 5 6 |  6.1
Armour         | 1 2 3 |  3.1
Fighting       | 3 4 |  4.5
Throwing       | 3 |  3.5
Dodging        | 4 |  4.5

Action                   |  1- 3 |  4- 6 |  7- 9 || total
-------------------------+-------+-------+-------++-------
Melee: Long sword        |    94 |   126 |    28 ||   248
 Fire: Blowgun           |       |       |     6 ||     6
 Abil: Hop               |       |     1 |       ||     1
  Use: Potion            |     2 |       |       ||     2
       Scroll            |       |     1 |       ||     1
  Eat: Chunk             |     2 |     7 |     2 ||    11
       Bread ration      |       |     1 |       ||     1
Armor: Leather armour    |    26 |    20 |       ||    46
       Scale mail        |       |    12 |     9 ||    21
Dodge: Dodged            |    72 |    87 |    11 ||   170
       Rpst.: Long sword |    21 |    32 |     4 ||    57
